 Dungeon Crawl Stone Soup version 0.31-a0-4-gefa6de2278 (webtiles) character file.

Game seed: 8943667469667685029

14656 BlueFish the Covert (level 12, -16/80 HPs)
             Began as an Octopode Fighter on May 3, 2023.
             Was a Follower of Cheibriados.
             Demolished by a death yak (21 damage)
             ... on level 2 of the Lair of Beasts.
             The game lasted 00:33:25 (14669 turns).

BlueFish the Covert (Octopode Fighter)             Turns: 14669, Time: 00:33:25

Health: -16/80     AC:  5    Str: 29    XL:     12   Next: 18%
Magic:  18/18      EV:  9    Int: 13    God:    Cheibriados [*.....]
Gold:   201        SH:  0    Dex: 15    Spells: 8/19 levels left

rFire   + . .        a - +2 morningstar (protect)
rCold   . . .        B - +0 buckler
rNeg    . . .        (helmet restricted)
rPois   +            (no amulet)
rElec   .            s - +4 ring of protection
rCorr   .            x - ring of poison resistance
SInv    .            I - ring of flight
Will    .....        E - ring of protection from fire
Stlth   ++++++       Q - +6 ring of strength
HPRegen 0.33/turn    (no ring)
MPRegen 0.16/turn    (no ring)
                     (no ring)

%: no passive effects
@: flying, held, very slow
A: almost no armour, amphibious, 8 rings, camouflage 1, gelatinous body 1,
(nimble swimmer 1), tentacles
a: Renounce Religion, Bend Time


You were on level 2 of the Lair of Beasts.
You worshipped Cheibriados.
Cheibriados was aware of your devotion.
You visited 3 branches of the dungeon, and saw 14 of its levels.
You visited the Abyss 1 time.

You collected 813 gold pieces.
You spent 612 gold pieces at shops.

Inventory:

Hand Weapons
 a - a +2 morningstar of protection (weapon)
 b - a +2 sling of draining
 d - a +1 whip of distortion
 y - a +0 rapier
Missiles
 g - 119 stones (quivered)
 r - 67 poisoned darts
 F - 2 throwing nets
 J - 4 atropa-tipped darts
 O - 4 boomerangs
Armour
 B - a +0 buckler (worn)
Jewellery
 s - a +4 ring of protection (left tentacle)
 x - a ring of poison resistance (right tentacle)
 E - a ring of protection from fire (on tentacle)
 I - a ring of flight (on tentacle)
 Q - a +6 ring of strength (on tentacle)
Wands
 f - a wand of charming (15)
 p - a wand of mindburst (21)
 C - a wand of iceblast (13)
 H - a wand of flame (9)
 R - a wand of light (5)
Scrolls
 h - 2 scrolls of torment
 n - 4 scrolls of enchant armour
 o - a scroll of immolation
 q - a scroll of blinking
 t - 2 scrolls of poison
 u - 5 scrolls of teleportation
 v - a scroll of fog
 z - 2 scrolls of enchant weapon
 D - 2 scrolls of amnesia
 G - a scroll of fear
 L - a scroll of magic mapping
 M - a scroll of silence
 P - a scroll of acquirement {unknown}
Potions
 c - a potion of might
 e - 4 potions of attraction
 i - a potion of berserk rage
 j - 3 potions of resistance
 k - a potion of ambrosia
 l - 6 potions of curing
 m - 9 potions of lignification
 w - 2 potions of mutation
 A - a potion of flight
 K - a potion of brilliance
 N - 3 potions of heal wounds


   Skills:
 + Level 6.8 Fighting
 - Level 2.5 Short Blades
 + Level 5.8 Maces & Flails
 + Level 5.8 Throwing
 + Level 6.7 Dodging
 * Level 12.1 Stealth
 + Level 6.7 Shields
 + Level 4.0 Spellcasting
 * Level 5.4 Translocations
 * Level 6.5 Transmutations
 + Level 2.0 Invocations
 + Level 4.8 Evocations


You had 8 spell levels left.
You knew the following spells:

 Your Spells              Type           Power      Damage    Failure   Level
a - Blade Hands           Tmut           9%         N/A       41%         5
b - Lesser Beckoning      Tloc           32%        N/A       3%          2
c - Blink                 Tloc           32%        N/A       3%          2
d - Momentum Strike       Conj/Tloc      18%        3d8       12%         2

Your spell library contained the following spells:

 Spells                   Type           Power      Damage    Failure   Level
 Magic Dart               Conj           8%         1d3       24%         1
 Summon Small Mammal      Summ           8%         N/A       24%         1
 Portal Projectile        Hex/Tloc       18%        N/A       24%         3
 Searing Ray              Conj           4%         2d4       34%         2
 Call Canine Familiar     Summ           2%         N/A       56%         3
 Summon Guardian Golem    Hex/Summ       2%         N/A       56%         3
 Tukima's Dance           Hex            2%         N/A       56%         3
 Fulminant Prism          Conj/Hex       1%         3d5       93%         4


Dungeon Overview and Level Annotations

Branches:
Dungeon (11/15)            Temple (1/1) D:6            Lair (2/5) D:8
 Shoals (0/4) Lair:2
  Snake: Lair:2-3    Spider: Lair:2-3       Orc: D:9-12

Altars:
Ashenzari
Cheibriados
Dithmenos
Elyvilon
Fedhas
Gozag
Hepliaklqana
Kikubaaqudgha
Makhleb
Nemelex Xobeh
Okawaru
Qazlal
Ru
Sif Muna
Trog
Uskayaw
Vehumet
Wu Jian
Xom
Yredelemnul
Zin
The Shining One

Shops:
D:1 !   D:3 [!(   D:10 *

Portals:
Trove: D:10 (give +7 demon blade)

Annotations:
D:3 2 transporters
D:8 exclusions: steam dragon and 2 more exclusions
D:10 Josephine
Lair:1 exclusion: catoblepas
Lair:2 exclusion: hydra, Harold, Urug


Innate Abilities, Weirdness & Mutations

You cannot wear most types of armour.
You are amphibious.
You can wear up to eight rings at the same time.
Your skin changes colour to match your surroundings (Stealth+).
Your rubbery body absorbs attacks. (AC +1, EV +1)
((You are camouflaged when in or above water. (Stealth+)))
You have tentacles for arms and can constrict up to eight enemies at once.


Message History

Harold shouts!
The sling bullet hits Harold.
You drain Harold.
Harold is lightly wounded.
Harold zaps a wand.
The mass of ice explodes!
The iceblast engulfs you!
You hear an angry hiss.
You hear a bellow!
Fire: b) +2 sling (drain)
Press: ? - help, Q - select action, (/) - cycle Shift-Dir - straight line, f/p - Harold
Aim: Harold, wielding a +0 halberd, wearing a +0 scale mail, quivering 3 throwing nets and carrying a wand of iceblast (4) (lightly wounded, lightly drained, 72% to hit)
You shoot a sling bullet.
The sling bullet hits Harold but does no damage.
Harold is lightly wounded.
Fire: b) +2 sling (drain)
Press: ? - help, Q - select action, (/) - cycle Shift-Dir - straight line, f/p - Harold
Aim: Harold, wielding a +0 halberd, wearing a +0 scale mail, quivering 3 throwing nets and carrying a wand of iceblast (4) (lightly wounded, lightly drained, 72% to hit)
You shoot a sling bullet. The sling bullet hits Harold.
Harold is lightly wounded.
Harold throws a throwing net.
The throwing net closely misses you.
A wyvern comes into view.
Your +2 morningstar of protection hums with potential!
a - a +2 morningstar of protection (weapon)
Harold says, "Listen, it's nothing personal.
It's just a job."
Harold zaps a wand.
The mass of ice explodes!
The iceblast engulfs you!
You hear a bellow! x2; You hear an angry hiss.
Harold zaps a wand.
The mass of ice explodes!
The iceblast engulfs you.
You see here a throwing net.
A water moccasin comes into view.
Harold zaps a wand.
The mass of ice explodes!
The iceblast engulfs you!
The water moccasin hisses angrily.
You hear a bellow!
The death yak bellows!
Harold throws a throwing net.
The throwing net hits you.
You become entangled in the net!
There is a stone staircase leading up here.
You see here a throwing net.
You struggle against the net.
The wyvern bites you.
You struggle against the net.
The wyvern bites you!
* * * LOW HITPOINT WARNING * * *
The death yak gores you!!
* * * LOW HITPOINT WARNING * * *
The death yak gores you!!
You die...

.#...##....###........
..
...###...##...........
..
....##...#..............
...
.....#.................#
........#.......b.....
.....................$.
.......................
......SY...............
.....Y.Y@l(.@..........
.......................
......................
.....####........$?...
#..D. #...............
##.. #.....P..........
#. .................. ..
...##............. .##
##............


You could see 3 death yaks, Harold (drained), a five-headed hydra, a water
moccasin and a wyvern.

Vanquished Creatures
  2 two-headed ogres (D:10)
  Maggie (D:6)
  3 cane toads
  A black mamba (Lair:2)
  A gargoyle (D:8)
  2 rime drakes
  An unseen horror (D:7)
  3 komodo dragons (Lair:1)
  3 hornets
  3 blink frogs (Lair:1)
  A shadow (D:10)
  3 wraiths
  18 yaks
  4 wyverns
  A steam dragon (D:9)
  3 water moccasins (Lair:1)
  Duvessa (D:6)
  5 orc warriors
  An ice beast (D:8)
  A sky beast (D:7)
  5 wolves (Lair:1)
  2 centaurs (D:8)
  4 kobold brigands
  7 bullfrogs
  2 gnoll sergeants
  6 scorpions
  12 wights
  Dowan (D:6)
  10 killer bees
  A howler monkey (D:10)
  A hound (D:6)
  4 jellies
  6 orc priests
  3 iguanas
  12 orc wizards
  Robin (D:2)
  18 gnolls
  8 adders
  A shadow imp (D:8)
  2 white imps
  2 ufetubi
  2 dart slugs
  67 orcs
  2 bats
  7 endoplasms
  3 giant cockroaches
  19 goblins
  16 hobgoblins
  2 jackals (D:4)
  2 quokkas
  4 ball pythons
  5 frilled lizards
  35 kobolds
  2 rats (D:3)
  A spectral kobold (D:3)
333 creatures vanquished.

Vanquished Creatures (others)
  13 fungi
  11 plants
24 creatures vanquished.

Grand Total: 357 creatures vanquished

Notes
Turn   | Place    | Note
-------+----------+-------------------------------------------
     0 | D:1      | BlueFish the Octopode Fighter began the quest for the Orb.
     0 | D:1      | Reached XP level 1. HP: 16/16 MP: 1/1
    12 | D:1      | Found Qeudakka's Distillery.
   296 | D:1      | Reached skill level 1 in Stealth
   303 | D:1      | Reached XP level 2. HP: 21/21 MP: 2/2
   770 | D:2      | Reached skill level 2 in Stealth
   770 | D:2      | Reached XP level 3. HP: 26/26 MP: 3/3
   829 | D:2      | Reached skill level 1 in Throwing
   886 | D:2      | Reached XP level 4. HP: 31/31 MP: 4/4
  1047 | D:2      | Reached skill level 3 in Stealth
  1575 | D:3      | Noticed Robin
  1694 | D:2      | Killed Robin
  1695 | D:2      | Reached XP level 5. HP: 36/36 MP: 5/5
  1826 | D:3      | Found Togheutt's Antique Weapon Emporium.
  2050 | D:3      | Found a hazy altar of Hepliaklqana.
  2230 | D:3      | Found a transporter.
  2233 | D:3      | Found Hirexy's Distillery.
  2365 | D:3      | Found Ongo's Antique Armour Emporium.
  2588 | D:3      | Found a transporter.
  2647 | D:3      | Bought a runed morningstar for 147 gold pieces
  2651 | Abyss:1  | Cast into level 1 of the Abyss (unwielding a weapon of
                  | distortion)
  2655 | Abyss:1  | Noticed a large abomination
  2693 | D:3      | Escaped the Abyss
  2902 | D:4      | Reached skill level 1 in Maces & Flails
  2902 | D:4      | Reached skill level 4 in Stealth
  2902 | D:4      | Reached XP level 6. HP: 41/43 MP: 6/6
  3611 | D:5      | Entered Level 5 of the Dungeon
  3819 | D:5      | Reached skill level 5 in Stealth
  3878 | D:5      | Reached XP level 7. HP: 48/48 MP: 7/7
  4220 | D:5      | Found a sacrificial altar of Ru.
  4420 | D:6      | Noticed Maggie
  4544 | D:6      | Killed Maggie
  4545 | D:6      | Reached skill level 6 in Stealth
  4545 | D:6      | Reached XP level 8. HP: 40/54 MP: 8/8
  4628 | D:6      | Reached skill level 7 in Stealth
  4675 | D:6      | Noticed Duvessa
  4679 | D:6      | Noticed Dowan
  4700 | D:6      | Killed Duvessa
  4702 | D:6      | Killed Dowan
  4954 | D:6      | Reached skill level 8 in Stealth
  5003 | D:6      | Found a staircase to the Ecumenical Temple.
  5015 | D:6      | Learned a level 5 spell: Blade Hands
  5182 | D:6      | Reached skill level 5 in Fighting
  5244 | D:6      | Reached skill level 5 in Shields
  5421 | D:6      | Reached skill level 1 in Transmutations
  5448 | D:6      | Reached XP level 9. HP: 47/61 MP: 8/10
  5661 | D:6      | Reached skill level 5 in Dodging
  5680 | D:7      | Reached skill level 1 in Spellcasting
  5680 | D:7      | Reached skill level 1 in Evocations
  6519 | D:7      | Killed an unseen horror
  6520 | D:7      | Reached skill level 9 in Stealth
  6719 | D:7      | Learned a level 2 spell: Blink
  6722 | D:7      | Learned a level 2 spell: Lesser Beckoning
  6725 | D:7      | Learned a level 2 spell: Momentum Strike
  6810 | D:8      | Found a glowing golden altar of the Shining One.
  7137 | D:8      | Reached skill level 1 in Translocations
  7260 | D:8      | Noticed a hornet
  7335 | D:8      | Reached XP level 10. HP: 42/66 MP: 13/13
  7576 | D:8      | Noticed a gargoyle
  7576 | D:8      | Noticed a gargoyle
  7658 | D:8      | Killed a gargoyle
  7659 | D:8      | Reached skill level 10 in Stealth
  8769 | D:8      | Found a staircase to the Lair.
  8776 | D:8      | Reached skill level 5 in Throwing
  8978 | D:9      | Paralysed by a hornet for 3 turns
  9140 | D:9      | You are sucked into a shaft and drop 1 floor!
  9140 | D:10     | Entered Level 10 of the Dungeon
  9242 | D:9      | Reached skill level 5 in Maces & Flails
  9242 | D:9      | Reached skill level 5 in Transmutations
  9308 | D:9      | Reached XP level 11. HP: 55/72 MP: 15/15
  9920 | D:9      | Reached skill level 11 in Stealth
 10150 | D:9      | Identified the +1 leather armour of Fedhas's Envy {Rampage
                  | Stlth+}
 10453 | D:10     | Found a portal to a secret trove of treasure.
 10469 | D:10     | Found Nyqaik's Assorted Antiques.
 10607 | D:10     | Noticed a two-headed ogre
 10617 | D:10     | Killed a two-headed ogre
 10627 | D:10     | Noticed a two-headed ogre
 10755 | D:10     | Killed a two-headed ogre
 10947 | D:10     | Bought a potion of resistance for 310 gold pieces
 10947 | D:10     | Bought a scroll of identify for 62 gold pieces
 10947 | D:10     | Bought a scroll of teleportation for 93 gold pieces
 11249 | Temple   | Entered the Ecumenical Temple
 11249 | Temple   | Found a transporter.
 11249 | Temple   | Found a transporter.
 11251 | Temple   | Found a transporter.
 11251 | Temple   | Found a transporter.
 11275 | Temple   | Became a worshipper of Cheibriados the Contemplative
 11390 | D:10     | Noticed Josephine
 12039 | Lair:1   | Entered Level 1 of the Lair of Beasts
 12438 | Lair:1   | HP: 3/74 [rime drake/icy flash freeze (29)]
 12557 | D:8      | Reached skill level 1 in Invocations
 12877 | Lair:1   | Reached skill level 5 in Translocations
 13134 | Lair:1   | Reached * piety under Cheibriados
 13418 | Lair:1   | Reached XP level 12. HP: 64/80 MP: 17/17
 13770 | Lair:1   | Noticed a catoblepas
 14034 | Lair:2   | Noticed a five-headed hydra
 14089 | Lair:2   | Noticed Urug
 14203 | Lair:2   | Noticed a death yak
 14203 | Lair:2   | Noticed a death yak
 14203 | Lair:2   | Noticed a death yak
 14212 | Lair:1   | Reached skill level 12 in Stealth
 14331 | Lair:2   | Found a staircase to the Shoals.
 14649 | Lair:2   | Noticed Harold
 14669 | Lair:2   | Demolished by a death yak

Illustrated notes

Levels and vault maps discovered:
D:1:      psy_arrival_statuary, layout_loops_ring, serial_shops,
          nicolae_shop_industrial_runoff
D:2:      cheibrodos_helix_gallery, layout_loops_corners
D:3:      layout_basic, nicolae_hepliaklqana_monster_ancestors, serial_shops,
          nicolae_shop_drivethru, shop, nicolae_shop_dealshenge, uniq_robin
D:4:      layout_rooms, kennysheep_pointless_box, st_stairs_12
D:5:      corexii_shantytown, layout_cave_pools, nicolae_ru_sacrificial_ziggurat
D:6:      layout_rooms, minmay_temple_entry_sparse_star, uniq_maggie,
          uniq_duvessa
D:7:      layout_rooms
D:8:      layout_loops_corners, mainiacjoe_overflow_brackets,
          grunt_lair_entry_orc_guard_hut, nzn_random_ring
D:9:      layout_loops_ring
D:10:     layout_roguey, enter_trove_0, special_room [special_room_orc],
          serial_shops, shop, uniq_josephine
D:11:     minmay_polygon_palace, layout_gridville, zin_statuary
Temple:   hellmonk_temple_divided_pantheon
Lair:1:   layout_layer_cave
Lair:2:   layout_cave_pods, elwin_shoals_entry_rocks, lemuel_fruit_fields,
          uniq_urug, uniq_harold

Skill      XL: |  1  2  3  4  5  6  7  8  9 10 11 12 |
---------------+-------------------------------------+-----
Stealth        | 1 2 3 4 5 6 8 9 10 11 12 | 12.1
Throwing       | 1 2 3 4 5 |  5.8
Maces & Flails | 1 2 3 4 5 |  5.8
Fighting       | 4 5 6 |  6.8
Shields        | 4 5 6 |  6.7
Dodging        | 4 5 6 |  6.7
Transmutations | 1 3 5 6 |  6.5
Spellcasting   | 2 3 4 |  4.0
Evocations     | 2 3 4 |  4.8
Translocations | 1 3 5 |  5.4
Invocations    | 1 2 |  2.0
Short Blades   | |  2.5

Action                     |  1- 3 |  4- 6 |  7- 9 | 10-12 || total
---------------------------+-------+-------+-------+-------++-------
  Melee: Whip              |    26 |    94 |       |       ||   120
         Rapier            |     3 |       |       |       ||     3
         Constrict         |     8 |    29 |    47 |    56 ||   140
         Tentacles         |     5 |    21 |    47 |    98 ||   171
         Morningstar       |       |    43 |   235 |   396 ||   674
         Punch             |       |     2 |     2 |     7 ||    11
   Fire: Sling             |       |    42 |    82 |   119 ||   243
  Throw: Dart              |       |       |       |    13 ||    13
  Evoke: Wand              |       |       |     9 |       ||     9
    Use: Scroll            |     3 |     6 |     8 |    10 ||    27
         Potion            |       |       |     2 |     5 ||     7
   Stab: Sleeping          |    11 |    15 |     4 |     2 ||    32
         Invisible         |       |       |       |     4 ||     4
         Distracted        |       |       |       |     1 ||     1
 Armour: Skin              |       |    46 |    96 |    71 ||   213
  Dodge: Dodged            |     9 |    71 |   144 |   243 ||   467
  Block: Buckler           |     2 |    19 |    56 |   106 ||   183

Table legend: (Time is in decaauts)
 A = Elapsed time spent in this place.
 B = Non-inter-level travel time spent in this place.
 C = Inter-level travel time spent in this place.
 D = Time resting spent in this place.
 E = Time spent auto-exploring this place.
 F = Levels seen in this place.
 G = Mean time per level.
                   A        B        C        D        E       F      G
               +--------+--------+--------+--------+--------+-----+--------+
         Total |  15595 |  14410 |   1185 |    821 |  10173 |  15 | 1039.7 |
       Dungeon |  12848 |  11842 |   1006 |    821 |   8082 |  11 | 1168.0 |
        Temple |     48 |     47 |      1 |      0 |      0 |   1 |   48.0 |
          Lair |   2657 |   2480 |    177 |      0 |   2090 |   2 | 1328.5 |
         Abyss |     41 |     41 |      0 |      0 |      0 |   1 |   41.0 |
               +--------+--------+--------+--------+--------+-----+--------+

Top non-repeatable levels by time:
     D:8: 2843 daAuts
  Lair:1: 1974 daAuts
     D:9: 1522 daAuts
     D:6: 1503 daAuts
    D:10: 1486 daAuts
     D:3: 1274 daAuts
     D:2: 1047 daAuts
     D:7: 926 daAuts
     D:5: 896 daAuts
  Lair:2: 682 daAuts
     D:4: 658 daAuts
     D:1: 625 daAuts
    D:11: 62 daAuts
  Temple: 48 daAuts
 Abyss:1: 41 daAuts
